 Dungeon Crawl Stone Soup version 0.26-a0-639-g72c4674329 (webtiles) character file.

Game seed: 8602121659619124555

839117 Arvaildir the Ruinous (level 27, -20/192 HPs)
             Began as a Gargoyle Earth Elementalist on Sept 17, 2020.
             Was the Champion of Vehumet.
             Killed from afar by an Ice Fiend (53 damage)
             ... with a bolt of cold
             ... on level 27 of a ziggurat on Sept 19, 2020.
             The game lasted 04:20:53 (79698 turns).

Arvaildir the Ruinous (GrEE)                       Turns: 79698, Time: 04:20:54

Health: -20/192    AC: 43    Str: 15    XL:     27
Magic:  44/44      EV: 27    Int: 42    God:    Vehumet [******]
Gold:   13673      SH:  0    Dex: 22    Spells: 11/70 levels left

rFire    + + .     SeeInvis +   W - +9 morningstar of Havoc {elec, Int+2 Dex+4 Stlth+}
rCold    . . .     Faith    .   (no shield)
rNeg     + . .     Spirit   .   A - +2 robe {Archmagi}
rPois    ∞         Reflect  .   Q - +2 helmet {SInv}
rElec    +         Harm     .   F - +2 cloak {Stlth+}
rCorr    .         Rampage  .   Z - +1 pair of gloves "Ejahat" {MR- Int+8 SInv}
MR       ++...                  j - +2 pair of boots {Stlth+}
Stlth    ++++......             n - amulet of Ennuunips {rPois rF+ Regen+}
HPRegen  0.82/turn              M - ring of Departure {AC+4 Dex+6}
MPRegen  0.29/turn              U - ring "Ycvadghaf" {MR+ Int+6}

@: flying, studying Armour
A: big wings, molten scales 1, thin skeletal structure 1, blink, blurry vision
1, fire resistance 1, low mp 1, negative energy resistance 1, electricity
resistance, unbreathing, petrification resistance, no potion heal 1, rot
immunity, AC +20
}: 3/15 runes: serpentine, barnacled, silver
a: Stop Flying, Blink, Renounce Religion


You were on level 27 of a ziggurat.
You worshipped Vehumet.
Vehumet was exalted by your worship.
You visited 10 branches of the dungeon, and saw 48 of its levels.
You visited the Abyss 2 times.
You visited 1 ziggurat, and saw 27 of its levels.
You also visited: Trove, Sewer, Ossuary and Bailey.

You collected 19442 gold pieces.
You spent 5769 gold pieces at shops.

Inventory:

Hand Weapons
 d - a +9 demon whip of flaming
 B - the +3 Elemental Staff {rElec rF++ rC++ MR++ AC+5}
   (You found it on level 3 of the Crypt)

   It affects your AC (+5).
   It greatly protects you from fire.
   It greatly protects you from cold.
   It insulates you from electricity.
   It affects your resistance to hostile enchantments.
 J - a +2 demon whip of electrocution
 N - a +9 sacred scourge of holy wrath
 W - the +9 morningstar of Havoc (weapon) {elec, Int+2 Dex+4 Stlth+}
   (You found it on level 2 of the Lair of Beasts)

   Occasionally, upon striking a foe, it will discharge some electrical energy
   and cause terrible harm.
   It affects your intelligence (+2).
   It affects your dexterity (+4).
   It makes you more stealthy.
Missiles
 R - 13 throwing nets (quivered)
Armour
 c - the +0 cloak "Tosoer" {Str+3 Dex+4}
   (You found it on level 20 of a ziggurat)

   It affects your strength (+3).
   It affects your dexterity (+4).
 j - a +2 pair of boots of stealth (worn)
 r - the +4 hat "Salyle" {Str+3}
   (You acquired it on level 5 of the Dungeon)

   It affects your strength (+3).
 A - a +2 robe of the Archmagi (worn)
 F - a +2 cloak of stealth (worn)
 I - the +5 robe of Night {Dark MR+ SInv}
   (You found it on level 10 of a ziggurat)

   It affects your resistance to hostile enchantments.
   It lets you see invisible.
 Q - a +2 helmet of see invisible (worn)
 Z - the +1 pair of gloves "Ejahat" (worn) {MR- Int+8 SInv}
   (You found it on level 19 of a ziggurat)

   It affects your intelligence (+8).
   It affects your resistance to hostile enchantments.
   It lets you see invisible.
Jewellery
 n - the amulet of Ennuunips (around neck) {rPois rF+ Regen+}
   (You found it on level 8 of a ziggurat)

   [amulet of regeneration]

   It protects you from fire.
   It protects you from poison.
   It increases your rate of regeneration.
 s - a +6 ring of intelligence
 t - the ring of Shadows {Umbra +Inv Stlth+}
   (You found it on level 22 of a ziggurat)

   [ring of stealth]

   It lets you turn invisible.
   It makes you more stealthy.
 v - the ring of the Commoners {rElec rN+ Str+6 Slay+3}
   (You found it on level 3 of the Vaults)

   [ring of strength]

   It affects your strength (+6).
   It affects your accuracy and damage with ranged weapons and melee attacks
   (+3).
   It insulates you from electricity.
   It protects you from negative energy.
 K - an uncursed ring of wizardry
 M - the ring of Departure (left hand) {AC+4 Dex+6}
   (You took it off a deep elf demonologist on level 4 of the Depths)

   [ring of protection]

   It affects your AC (+4).
   It affects your dexterity (+6).
 U - the ring "Ycvadghaf" (right hand) {MR+ Int+6}
   (You bought it in a shop on level 5 of the Depths)

   [ring of intelligence]

   It affects your intelligence (+6).
   It affects your resistance to hostile enchantments.
 V - the ring of the Rabble {rC- rN+++ AC+4 Dex+4}
   (You found it on level 18 of a ziggurat)

   [ring of protection]

   It affects your AC (+4).
   It affects your dexterity (+4).
   It makes you vulnerable to cold.
   It renders you almost immune to negative energy.
Wands
 G - a wand of disintegration (11)
 H - a wand of acid (13)
 P - a wand of iceblast (38)
Scrolls
 a - 18 scrolls of identify
 b - 2 scrolls of holy word
 e - a scroll of summoning
 f - 8 scrolls of magic mapping
 u - 27 scrolls of teleportation
 z - 13 scrolls of blinking
 C - 40 scrolls of remove curse
 E - 3 scrolls of fear
 O - 12 scrolls of amnesia
 T - 19 scrolls of fog
 X - 8 scrolls of enchant armour
Potions
 h - 8 potions of cancellation
 k - 3 potions of invisibility
 l - 25 potions of curing
 m - 7 potions of haste
 o - 10 potions of heal wounds
 p - 6 potions of brilliance
 w - 11 potions of stabbing
 D - 4 potions of resistance
 L - 11 potions of might
 S - 14 potions of mutation
 Y - 8 potions of ambrosia
Books
 q - a manual of Armour
Miscellaneous
 g - a phantom mirror
 i - a tin of tremorstones (3/3)
 x - a box of beasts (3/3)
 y - a condenser vane (2/2)


   Skills:
 + Level 24.8 Fighting
 - Level 13.1(14.0) Maces & Flails
 - Level 8.6(12.0) Staves
 - Level 6.0 Armour
 - Level 15.0 Dodging
 - Level 2.1 Stealth
 + Level 22.1 Spellcasting
 + Level 25.1 Conjurations
 - Level 16.0 Necromancy
 - Level 10.0 Transmutations
 - Level 22.0 Fire Magic
 - Level 22.0 Earth Magic
 + Level 11.8 Evocations


You had 11 spell levels left.
You knew the following spells:

 Your Spells              Type           Power        Failure   Level
a - Shatter               Erth           ########..   1%          9
b - Stone Arrow           Conj/Erth      ######       0%          3
c - Lee's Rapid Deconstr  Erth           ########..   0%          5
d - Iron Shot             Conj/Erth      #########.   0%          6
e - Bolt of Magma         Conj/Fire/Erth #########.   0%          5
f - Starburst             Conj/Fire      #########.   0%          6
g - Ignition              Fire           ########..   1%          8
h - Fire Storm            Conj/Fire      #########.   1%          9
i - Necromutation         Tmut/Necr      ########..   14%         8

Your spell library contained the following spells:

 Spells                   Type           Power        Failure   Level
 Lehudib's Crystal Spear  Conj/Erth      #########.   1%          8
 Chain Lightning          Conj/Air       ########..   4%          8
 Animate Skeleton         Necr           ######       0%          1
 Beastly Appendage        Tmut           ######       0%          1
 Foxfire                  Conj/Fire      ####         0%          1
 Magic Dart               Conj           ####         0%          1
 Pain                     Necr           ####         0%          1
 Sandblast                Erth           ######       0%          1
 Shock                    Conj/Air       ####         0%          1
 Passwall                 Tmut/Erth      ########     0%          2
 Searing Ray              Conj           ######       0%          2
 Wereblood                Tmut           ########     0%          2
 Conjure Flame            Conj/Fire      ########     0%          3
 Dazzling Flash           Conj/Hex       ######       0%          3
 Ignite Poison            Fire/Tmut/Pois ########     0%          3
 Inner Flame              Hex/Fire       ########     0%          3
 Static Discharge         Conj/Air       ########     0%          3
 Vampiric Draining        Necr           ########..   0%          3
 Animate Dead             Necr           ########..   0%          4
 Dispel Undead            Necr           ########     0%          4
 Petrify                  Tmut/Erth      ########     0%          4
 Sticky Flame             Conj/Fire      ########     0%          4
 Borgnjor's Vile Clutch   Necr/Erth      ########..   0%          5
 Fireball                 Conj/Fire      #########.   0%          5
 Irradiate                Conj/Tmut      ########..   0%          5
 Iskenderun's Battlesphe  Conj           ########     0%          5
 Orb of Destruction       Conj           #########.   0%          7
 Apportation              Tloc           ######       1%          1
 Corona                   Hex            ######.      1%          1
 Freeze                   Ice            ####         1%          1
 Sting                    Tmut/Pois      ####         1%          1
 Summon Small Mammal      Summ           ####         1%          1
 Blink                    Tloc           N/A          1%          2
 Call Imp                 Summ           ######..     1%          2
 Corpse Rot               Necr/Air       N/A          1%          2
 Ensorcelled Hibernation  Hex/Ice        ######       1%          2
 Poisonous Vapours        Pois/Air       ######       1%          2
 Slow                     Hex            ######..     1%          2
 Swiftness                Air            ######..     1%          2
 Call Canine Familiar     Summ           ######..     1%          3
 Confusing Touch          Hex            ######..     1%          3
 Frozen Ramparts          Ice            ######       1%          3
 Gell's Gravitas          Tloc           ######....   1%          3
 Lesser Beckoning         Tloc           ######....   1%          3
 Mephitic Cloud           Conj/Pois/Air  ########     1%          3
 Ozocubu's Armour         Ice            ######..     1%          3
 Portal Projectile        Hex/Tloc       ######       1%          3
 Spider Form              Tmut/Pois      #######...   1%          3
 Summon Guardian Golem    Hex/Summ       ######..     1%          3
 Tukima's Dance           Hex            ######..     1%          3
 Airstrike                Air            ######....   1%          4
 Fulminant Prism          Conj/Hex       ########..   1%          4
 Hailstorm                Conj/Ice       ########     1%          4
 Ice Form                 Ice/Tmut       #######.     1%          4
 Iskenderun's Mystic Bla  Conj/Tloc      ########     1%          4
 Leda's Liquefaction      Hex/Erth       ########..   1%          4
 Olgreb's Toxic Radiance  Pois           ######..     1%          4
 Agony                    Necr           ########     1%          5
 Alistair's Intoxication  Tmut/Pois      #######..    1%          5
 Blade Hands              Tmut           ########..   1%          5
 Excruciating Wounds      Necr           ########..   1%          5
 Lightning Bolt           Conj/Air       ########..   1%          5
 Yara's Violent Unravell  Hex/Tmut       #######...   1%          5
 Conjure Ball Lightning   Conj/Air       ########..   1%          6
 Death Channel            Necr           ########..   1%          6
 Freezing Cloud           Conj/Ice/Air   ########..   1%          6
 Hydra Form               Tmut           ########..   1%          6
 Spellforged Servitor     Conj/Summ      ########..   1%          7
 Simulacrum               Ice/Necr       ########..   2%          6
 Cause Fear               Hex            ######....   4%          4
 Passage of Golubria      Tloc           N/A          4%          4
 Summon Ice Beast         Ice/Summ       ######..     4%          4
 Summon Lightning Spire   Summ/Air       ######..     4%          4
 Borgnjor's Revivificati  Necr           ########..   4%          8
 Infestation              Necr           ########..   4%          8
 Dragon Form              Tmut           ########..   6%          7
 Eringya's Noxious Bog    Tmut/Pois      #######...   9%          6
 Metabolic Englaciation   Hex/Ice        ######....   12%         5
 Silence                  Hex/Air        ######....   12%         5
 Summon Demon             Summ           ######....   12%         5
 Summon Forest            Summ/Tloc      ######....   12%         5
 Summon Mana Viper        Hex/Summ       ######..     12%         5
 Haunt                    Necr/Summ      ########..   14%         7
 Ozocubu's Refrigeration  Ice            ######....   17%         6
 Death's Door             Necr           ########..   54%         9
 Dispersal                Tloc           ######....   56%         6
 Invisibility             Hex            ######..     56%         6
 Shadow Creatures         Summ           N/A          56%         6
 Summon Hydra             Summ           ######....   98%         7
 Discord                  Hex            ######....   100%        8
 Disjunction              Tloc           ######....   100%        8
 Absolute Zero            Ice            ######....   100%        9
 Tornado                  Air            ######....   100%        9
 Sublimation of Blood     Necr           Unusable     N/A         2
 Statue Form              Tmut/Erth      Unusable     N/A         6

Dungeon Overview and Level Annotations

Branches:
Dungeon (15/15)            Temple (1/1) D:4            Lair (6/6) D:11
 Shoals (4/4) Lair:3        Snake (4/4) Lair:2        Slime (0/5) Lair:6
    Orc (2/2) D:10            Elf (3/3) Orc:2        Vaults (5/5) D:13
  Crypt (3/3) Vaults:3       Tomb (0/3) Crypt:3      Depths (5/5) D:15
    Zot (0/5) Depths:5      Sewer (visited)         Ossuary (visited)
 Bailey (visited)

Altars:
Ashenzari
Cheibriados
Dithmenos
Elyvilon
Fedhas
Gozag
Hepliaklqana
Kikubaaqudgha
Makhleb
Nemelex Xobeh
Okawaru
Qazlal
Ru
Sif Muna
Trog
Uskayaw
Vehumet
Wu Jian
Xom
Yredelemnul
Zin
The Shining One
Beogh
Jiyva
Lugonu

Shops:
D:4 ?   D:8 [   D:11 [   Orc:1 [   Orc:2 ?=[:}   Elf:2 *   Snake:3 =
Snake:4 =   Vaults:2 [   Vaults:3 !}*([   Vaults:4 !   Depths:5 }}=

Portals:
Hell: Depths:1 Depths:2 Depths:3 Depths:4 Depths:5
Abyss: Depths:1 Depths:4
Pandemonium: Depths:1 Depths:3

Annotations:
Elf:1 6 runed translucent doors
Elf:2 2 runed translucent doors


Innate Abilities, Weirdness & Mutations

You are resistant to torment.
Your stone body is resilient. (AC +20)
You are immune to poison.
Your large and strong wings let you fly indefinitely.
You resist negative energy. (rN+)
You are resistant to electric shocks. (rElec)
You can survive without breathing.
You are immune to petrification.
You are immune to rotting.
You are partially covered in molten scales. (AC +2)
You have a somewhat thin skeletal structure. (Dex +2, Stealth)
You can translocate small distances at will.
Scrolls take you a little longer to read.
Your flesh is heat resistant. (rF+)
Your magical capacity is low. (-10% MP)
Potions are less effective at restoring your health.


Message History

The Ice Fiend is almost dead.
You kill the Tzitzimitl!
Vehumet accepts your kill.
The Hell Sentinel is almost dead.
The Hell Sentinel is severely wounded.
You kill the reaper!
Vehumet accepts your kill.
The reaper is almost dead.
You kill the hellion!
Vehumet accepts your kill.
The blizzard demon is moderately wounded.
You kill the torturous corrupter!
Vehumet accepts your kill.
You hear a roar!
The balrug gestures at you. Something smites you!
* * * LOW HITPOINT WARNING * * *
The Ice Fiend gestures at you. The bolt of cold hits you!!!
You die...

▓▓...........
▓▓............
▓▓..........[..
▓▓..............
▓▓..............)
▓▓.......§.))...12
▓▓.........2..)1..)
▓▓.........4@[..2..2
▓▓...........[)......
▓.∩...........)....).
▓▓..........§§.).....
▓▓................))
▓▓........§......1.
▓▓..............).
▓▓........§......
▓▓.............


You could see 2 Hell Sentinels, an Ice Fiend, a reaper, a balrug, 2 blizzard
demons and a hellwing (resistant).

Vanquished Creatures
  7 ancient liches
  Mara (Snake:3)
  4 juggernauts
  Boris (Crypt:2)
  3 Killer Klowns (Zig:11)
  Frederick (Vaults:2)
  11 greater mummies
  Margery (Crypt:1)
  Vashnia (Snake:3)
  13 golden dragons
  5 caustic shrikes
  5 bone dragons
  A golden dragon (shapeshifter) (Zig:11)
  3 pandemonium lords
  3 profane servitors
  Jory (Depths:4)
  4 iron giants (Zig:15)
  3 Tzitzimimeh
  2 hellephants
  3 Brimstone Fiends
  Jorgrun (Elf:1)
  14 tentacled monstrosities
  An Ice Fiend (Zig:16)
  13 Hell Sentinels
  6 quicksilver dragons
  7 deep elf blademasters
  5 liches
  A shard shrike skeleton (Crypt:2)
  5 deep elf master archers
  15 acid blobs (Zig:23)
  2 krakens (Shoals:2)
  Frances (Elf:1)
  8 titans
  13 sphinxes
  11 Executioners
  10 ancient champions
  A sphinx (shapeshifter) (Vaults:3)
  5 storm dragons
  9 shadow dragons
  8 tentacled starspawn
  5 tengu reavers
  2 warmongers (Zig:16)
  Donald (Orc:2)
  11 revenants
  12 frost giants
  A frost giant (shapeshifter) (Zig:11)
  A daeva (Zig:27)
  9 azure jellies (Zig:23)
  13 fire giants
  7 corrupters
  5 iron dragons
  28 nagarajas
  Aizul (Shoals:4)
  15 vault wardens
  4 deep elf sorcerers
  Louise (Snake:3)
  12 ghouls
  7 balrugs
  10 curse skulls
  2 angels (Depths:5)
  3 cacodemons
  A draconian stormcaller (Depths:5)
  15 reapers
  8 deep elf elementalists
  13 ironheart preservers
  2 war gargoyles
  22 very ugly things
  A juggernaut skeleton (Zig:19)
  3 draconian annihilators
  A stone giant (shapeshifter) (Vaults:5)
  15 vampire knights
  6 black suns
  40 stone giants
  7 blood saints
  19 deep elf demonologists
  An ophan (Zig:26)
  4 entropy weavers
  A red draconian (Depths:5)
  2 green draconians (Depths:5)
  4 bennus
  A black draconian (Depths:5)
  11 deep elf annihilators
  A purple draconian (Depths:5)
  5 lorocyprocas
  7 spark wasps
  A yellow draconian (Depths:5)
  22 eidola
  3 dire elephants
  3 merfolk javelineers
  8 blizzard demons
  2 death oozes (Zig:23)
  2 crystal guardians
  Josephine (Shoals:1)
  2 jiangshi
  3 quicksilver dragon zombies
  11 deep elf death magi
  13 fire dragons
  23 ettins
  24 yaktaur captains
  10 merfolk impalers
  25 green deaths
  13 mummy priests
  17 great orbs of eyes
  29 vault guards
  14 ice dragons
  10 rakshasas
  28 hydras
  14 deep elf high priests
  5 spriggan air magi
  11 anacondas
  3 catoblepae
  34 two-headed ogres
  18 naga warriors
  3 merfolk avatars
  A two-headed ogre (shapeshifter) (D:15)
  7 centaur warriors
  3 ghost crabs (Zig:22)
  6 shambling mangroves
  A queen ant (shapeshifter) (Vaults:5)
  3 hell beasts
  16 ogre magi
  7 death knights
  4 merfolk aquamancers (Shoals:4)
  7 alligators
  An alligator snapping turtle (Shoals:3)
  23 tengu warriors
  18 dancing weapons
  9 deep troll earth magi
  2 orc high priests
  2 death yaks
  4 death scarabs
  15 vampire magi
  10 deep troll shamans
  2 hell hogs (Zig:26)
  2 satyrs
  Urug (Orc:2)
  15 spriggan berserkers
  3 sun demons (Depths:3)
  7 thrashing horrors
  4 soul eaters
  A titan zombie (Crypt:3)
  8 shock serpents
  8 hell knights
  27 deep elf knights
  20 naga sharpshooters
  5 shadow wraiths
  2 titan skeletons (Crypt:1)
  An iron golem (Zig:15)
  10 wretched stars
  A fire crab (shapeshifter) (Elf:2)
  Nergalle (Lair:1)
  35 skeletal warriors
  3 salamander mystics
  3 sixfirhies
  A spark wasp zombie (Crypt:1)
  13 sea snakes
  5 spatial maelstroms (Zig:26)
  2 unseen horrors
  2 quicksilver dragon simulacra (Depths:3)
  An unseen horror (shapeshifter) (Vaults:2)
  4 shadow demons
  18 death drakes
  18 deep trolls
  2 golden dragon zombies
  19 deep elf archers
  15 naga ritualists
  3 spriggan druids
  A kraken simulacrum (Shoals:4)
  7 swamp dragons
  2 orange crystal statues
  2 obsidian statues (Zig:8)
  8 glowing orange brains
  20 flayed ghosts
  6 wizards
  10 starcursed masses
  A lindwurm (Lair:5)
  22 orc knights
  20 ironbrand convokers
  18 harpies
  29 phantasmal warriors
  An iron dragon zombie (Zig:19)
  18 mana vipers
  8 orc sorcerers
  A shining eye (shapeshifter) (Zig:8)
  2 wolf spider zombies (D:14)
  A faun (shapeshifter) (Zig:11)
  11 wolf spiders
  13 cyclopes
  3 necromancers
  51 ugly things
  A worldbinder (Zig:17)
  12 fauns
  An orb spider (shapeshifter) (D:15)
  88 deep elf magi
  2 fire giant zombies
  9 manticores
  5 shining eyes (Zig:23)
  A frost giant zombie (Crypt:3)
  An oklob plant (Lair:6)
  A cyclops (shapeshifter) (Vaults:5)
  9 salamanders
  A fire giant skeleton (Depths:1)
  A moth of wrath (shapeshifter) (Vaults:5)
  4 spriggan zombies
  Maurice (D:8)
  17 elephants
  2 ice statues
  A guardian serpent (Snake:1)
  3 elephants (shapeshifter)
  2 elf zombies (Zig:19)
  32 naga magi
  66 black mambas
  An eye of devastation (Zig:23)
  A guardian serpent (shapeshifter) (Vaults:5)
  14 rust devils
  A molten gargoyle (Lair:4)
  5 torpor snails
  6 merfolk sirens
  A shock serpent zombie (Crypt:3)
  A torpor snail (shapeshifter) (Vaults:5)
  4 water nymphs
  3 orange demons
  7 smoke demons
  A water nymph (shapeshifter) (Zig:11)
  2 apocalypse crabs
  6 gargoyles
  A black mamba (shapeshifter) (Vaults:2)
  An elf skeleton (Zig:26)
  19 vault sentinels
  5 hellions
  An eye of devastation (shapeshifter) (Elf:1)
  A demonic crawler (Lair:2)
  32 cane toads
  5 efreet
  6 centaur skeletons
  2 komodo dragons (shapeshifter)
  11 tormentors
  A dire elephant skeleton (Crypt:1)
  A yaktaur (shapeshifter) (Vaults:5)
  42 yaktaurs
  5 rime drakes
  10 tengu conjurers
  15 komodo dragons
  5 ancient zymes (Zig:26)
  A hydra zombie (Crypt:3)
  18 freezing wraiths
  4 ice devils
  4 hellwings
  11 guardian mummies
  5 red devils
  3 harpy zombies (Shoals:3)
  3 jumping spiders
  A queen bee (Lair:2)
  5 trolls
  19 hornets
  4 polar bears
  2 queen bees (shapeshifter)
  A troll (shapeshifter) (D:15)
  A tengu simulacrum (Zig:26)
  34 merfolk
  2 polar bears (shapeshifter)
  2 wind drakes
  2 meliai (shapeshifter)
  7 raiju
  25 blink frogs
  10 tyrant leeches
  2 bog bodies
  A frost giant simulacrum (Depths:1)
  A raiju (shapeshifter) (Depths:4)
  2 ice dragon zombies
  A dream sheep (shapeshifter) (Zig:11)
  19 hippogriffs
  2 hippogriffs (shapeshifter)
  A satyr zombie (Crypt:1)
  39 slime creatures
  10 dream sheep
  An ettin zombie (Crypt:3)
  A deep troll zombie (Depths:1)
  10 flying skulls
  An alligator zombie (Crypt:2)
  5 snapping turtles
  7 redbacks
  11 water elementals
  5 spriggans
  4 air elementals
  2 redbacks (shapeshifter)
  2 tarantellas (shapeshifter)
  7 ushabtiu
  2 tarantellas
  16 wraiths
  8 shadows
  A black mamba zombie (Crypt:1)
  An ettin skeleton (Crypt:1)
  A wyvern (D:13)
  4 ynoxinuls
  A hog (shapeshifter) (Vaults:2)
  A human (shapeshifter) (Vaults:5)
  A vampire (D:9)
  3 basilisks
  2 fire bats (shapeshifter)
  A golden eye (Zig:26)
  6 neqoxecs
  39 yaks
  A steam dragon (D:12)
  6 fire elementals
  3 fire bats (Lair:4)
  A warg (shapeshifter) (Vaults:5)
  An emperor scorpion simulacrum (Crypt:1)
  20 vampire mosquitoes
  2 chaos spawn
  45 nagas
  4 wargs
  A spatial vortex (Zig:26)
  24 large abominations
  4 insubstantial wisps
  Edmund (D:5)
  3 swamp worms (Lair:2)
  A swamp worm (shapeshifter) (Zig:11)
  A glowing shapeshifter zombie (Crypt:1)
  4 acid dragons
  25 water moccasins
  10 small abominations
  6 porcupines
  A tengu skeleton (Depths:1)
  5 hell hounds
  A swamp drake (Zig:21)
  2 floating eyes (Zig:23)
  Purgy (Sewer)
  6 ettin simulacra (Depths:3)
  A water nymph skeleton (Crypt:2)
  3 sky beasts
  5 eyes of draining
  A cane toad skeleton (Crypt:1)
  A hornet zombie (D:10)
  46 orc warriors
  An ice beast (shapeshifter) (Vaults:3)
  6 ice beasts
  An eye of draining (shapeshifter) (D:15)
  A black bear (shapeshifter) (D:15)
  A black bear (D:6)
  16 necrophages
  2 phantoms
  An elephant zombie (Crypt:2)
  A swamp dragon zombie (Crypt:1)
  16 boggarts
  42 ogres
  A wolf (shapeshifter) (D:15)
  11 centaurs
  An ice dragon simulacrum (Crypt:1)
  A wolf (Zig:18)
  30 crocodiles
  A blink frog skeleton (Crypt:2)
  2 hippogriff zombies (Shoals:3)
  3 big kobolds
  28 bullfrogs
  A glowing shapeshifter simulacrum (Zig:19)
  A hippogriff skeleton (Crypt:1)
  8 earth elementals
  A komodo dragon skeleton (Crypt:2)
  8 wyvern skeletons (Crypt:3)
  3 scorpions
  A water moccasin skeleton (Crypt:2)
  A human simulacrum (Vaults:2)
  31 killer bees
  13 wights
  2 electric eels (Snake:2)
  7 howler monkeys
  2 bullfrog zombies
  A wolf skeleton (Crypt:2)
  3 jellies
  A quasit (D:12)
  28 orc priests
  4 hounds
  12 human skeletons (Vaults:4)
  A centaur zombie (D:8)
  A human zombie (Crypt:3)
  An iron imp (Zig:7)
  46 orc wizards
  2 bullfrog skeletons
  6 iguanas
  Natasha (thrice) (D:2)
  11 worker ants
  A deep dwarf zombie (Crypt:2)
  A naga zombie (Crypt:1)
  A hound skeleton (D:10)
  35 mummies
  A worker ant zombie (Crypt:1)
  17 adders
  23 gnolls
  2 river rats (D:4)
  A shadow imp (D:11)
  4 white imps
  An ufetubus (D:7)
  2 oozes
  2 adder zombies
  2 worms
  2 dart slugs (D:1)
  5 leopard geckos
  112 orcs
  A bat zombie (Shoals:3)
  10 giant cockroaches
  A gnoll zombie (Ossuary)
  69 goblins
  34 hobgoblins
  18 jackals
  8 quokkas
  3 ball pythons
  12 bats
  7 frilled lizards
  4 goblin zombies (Ossuary)
  3 hobgoblin zombies (Ossuary)
  25 kobolds
  2 kobold zombies (Ossuary)
  2 leopard gecko skeletons
  12 rats
  3 bushes (Lair:6)
  16 butterflies (Vaults:3)
  5 crawling corpses
  59 fire vortices
  3 starspawn tentacles (Zig:26)
  3 tentacles
3531 creatures vanquished.

Vanquished Creatures (collateral kills)
  A caustic shrike (Zig:14)
  A pandemonium lord (Zig:13)
  A frost giant (Depths:2)
  A draconian scorcher (Zig:17)
  An orc warlord (Bailey)
  A green draconian (Depths:5)
  A spark wasp (Depths:3)
  A naga sharpshooter (Snake:2)
  A soul eater (Depths:3)
  A swamp dragon (shapeshifter) (Zig:9)
  A shining eye (Zig:23)
  A tengu conjurer (Depths:3)
  An ushabti (Zig:10)
  An orc warrior (Bailey)
  2 eyes of draining (Zig:23)
  2 gnolls (Bailey)
  An orc (Bailey)
  3 goblins (Bailey)
22 creatures vanquished.

Vanquished Creatures (others)
  A deep elf master archer (Elf:3)
  A deep elf high priest (Depths:3)
  A merfolk avatar (Shoals:1)
  A deep elf knight (Elf:1)
  A death drake (Zig:22)
  An unseen horror (Vaults:1)
  A necromancer (Depths:4)
  A tengu conjurer (Depths:4)
  A merfolk (Shoals:1)
  A hornet (Zig:22)
  A blink frog (shapeshifter) (Depths:1)
  An electric eel (Snake:2)
  A hobgoblin zombie (Ossuary)
  A bush (Depths:5)
  152 fire vortices
  67 fungi
  193 plants
  3 starspawn tentacles (Zig:26)
  9 tentacles
  32 withered plants (Crypt:3)
470 creatures vanquished.

Grand Total: 4023 creatures vanquished

Notes
Turn   | Place    | Note
-------+----------+-------------------------------------------
     0 | D:1      | Arvaildir the Gargoyle Earth Elementalist began the quest
                  | for the Orb.
     0 | D:1      | Reached XP level 1. HP: 10/10 MP: 3/3
    99 | D:1      | Reached XP level 2. HP: 10/15 MP: 1/5
   680 | D:1      | Reached XP level 3. HP: 13/19 MP: 6/6
   947 | D:1      | Learned a level 3 spell: Stone Arrow
  1348 | D:2      | Noticed Natasha
  1358 | D:2      | Killed Natasha
  1358 | D:2      | Reached skill level 1 in Conjurations
  1358 | D:2      | Reached XP level 4. HP: 6/24 MP: 8/8
  1727 | D:2      | Noticed Natasha
  1732 | D:2      | Killed Natasha
  1767 | D:2      | Reached skill level 5 in Earth Magic
  2037 | D:2      | Noticed Natasha
  2042 | D:2      | Killed Natasha
  2042 | D:2      | Reached skill level 2 in Conjurations
  2042 | D:2      | Reached XP level 5. HP: 27/28 MP: 10/10
  2175 | D:2      | Learned a level 5 spell: Lee's Rapid Deconstruction
  3453 | D:3      | Reached XP level 6. HP: 26/32 MP: 11/11
  3865 | D:3      | Reached skill level 3 in Conjurations
  4659 | D:4      | Found a glowing drain.
  4712 | Sewer    | Entered a sewer
  4734 | Sewer    | Reached XP level 7. HP: 30/36 MP: 13/13
  4798 | Sewer    | Noticed Purgy
  4812 | Sewer    | Killed Purgy
  4878 | D:4      | Reached skill level 4 in Conjurations
  4988 | D:4      | Found Ykhe Ifra's Magic Scroll Emporium.
  5040 | D:4      | Found a staircase to the Ecumenical Temple.
  5050 | Temple   | Entered the Ecumenical Temple
  5179 | Temple   | Became a worshipper of Vehumet
  5778 | D:4      | Reached skill level 5 in Spellcasting
  5780 | D:4      | Reached XP level 8. HP: 32/41 MP: 11/15
  6032 | D:5      | Entered Level 5 of the Dungeon
  6052 | D:5      | Reached skill level 5 in Conjurations
  6343 | D:5      | Reached * piety under Vehumet
  6343 | D:5      | Offered knowledge of Magic Dart by Vehumet.
  6707 | D:5      | Identified a scroll of acquirement
  6707 | D:5      | Acquired the +4 hat "Salyle" {Str+3}
  6799 | D:5      | Noticed Edmund
  6806 | D:5      | Killed Edmund
  7289 | D:6      | Reached skill level 6 in Conjurations
  7444 | D:6      | Identified the Grimoire of the Blowfly
  7452 | D:6      | Learned a level 5 spell: Bolt of Magma
  7803 | D:6      | Paralysed by an orc warrior for 3 turns
  7807 | D:6      | Paralysed by an orc warrior for 4 turns
  7818 | D:6      | Reached XP level 9. HP: 46/46 MP: 16/18
  8114 | D:6      | Found a shimmering altar of Xom.
  8116 | D:6      | Found an iron altar of Okawaru.
  8234 | D:7      | Reached skill level 1 in Fighting
  8234 | D:7      | Reached skill level 1 in Armour
  8267 | D:7      | Found a shimmering blue altar of Sif Muna.
  8386 | D:7      | Reached skill level 1 in Maces & Flails
  8386 | D:7      | Reached skill level 1 in Evocations
  8502 | D:7      | Found a shadowy altar of Dithmenos.
  8640 | D:7      | Reached ** piety under Vehumet
  8640 | D:7      | Offered knowledge of Freeze by Vehumet.
  8960 | D:8      | Found a sand-covered staircase.
  8966 | Ossuary  | Entered an ossuary
  9735 | D:8      | Gained mutation: You expend magic power (3 MP) to
                  | strengthen your wands. [potion of mutation]
  9735 | D:8      | Gained mutation: You are frail. (-10% HP) [potion of
                  | mutation]
  9735 | D:8      | Gained mutation: Your mind is acute. (Int +2) [potion of
                  | mutation]
  9735 | D:8      | Gained mutation: You are partially covered in iridescent
                  | scales. (AC +2) [potion of mutation]
  9843 | D:8      | Found Iluaddos's Antique Armour Boutique.
  9862 | D:8      | Bought a pair of heavily runed gloves for 237 gold pieces
  9872 | D:8      | Identified the +2 pair of gloves of the Sky {Harm *Drain
                  | rElec Str+4} (You bought it in a shop on level 8 of the
                  | Dungeon)
  9917 | D:8      | Found a burning altar of Makhleb.
 10065 | D:8      | Found a snail-covered altar of Cheibriados.
 10104 | D:8      | Offered knowledge of Searing Ray by Vehumet.
 10104 | D:8      | Reached skill level 7 in Conjurations
 10139 | D:8      | Reached XP level 10. HP: 46/50 MP: 20/20
 10363 | D:8      | Reached *** piety under Vehumet
 10600 | D:8      | Noticed Maurice
 10607 | D:8      | Killed Maurice
 10739 | D:8      | Found a sacrificial altar of Ru.
 11048 | D:9      | Offered knowledge of Inner Flame by Vehumet.
 11955 | D:10     | Entered Level 10 of the Dungeon
 12063 | D:10     | Reached **** piety under Vehumet
 12136 | D:10     | Found a flagged portal.
 12149 | Bailey   | Entered a bailey
 12160 | Bailey   | Offered knowledge of Frozen Ramparts by Vehumet.
 12296 | Bailey   | Reached ***** piety under Vehumet
 12373 | Bailey   | Offered knowledge of Lightning Bolt by Vehumet.
 12450 | Bailey   | Noticed an orc knight
 12478 | Bailey   | Killed an orc knight
 12478 | Bailey   | Reached XP level 11. HP: 52/55 MP: 4/21
 12486 | Bailey   | Reached skill level 8 in Conjurations
 12695 | Bailey   | Noticed an orc knight
 12716 | Bailey   | Killed an orc knight
 12716 | Bailey   | Reached skill level 10 in Earth Magic
 12797 | Bailey   | Noticed an orc warlord
 12829 | Bailey   | Killed an orc warlord
 12829 | Bailey   | Reached skill level 5 in Fighting
 12829 | Bailey   | Reached skill level 5 in Armour
 13024 | Bailey   | Acquired a +8 spectral lajatang
 13103 | Bailey   | Identified the cursed ring "Akky" {Str-4 Slay+5 Stlth-}
 13103 | Bailey   | Noticed an orc knight
 13116 | Bailey   | Killed an orc knight
 13823 | D:10     | Found a staircase to the Orcish Mines.
 14758 | D:11     | Noticed a manticore
 14764 | D:11     | Killed a manticore
 14764 | D:11     | Reached skill level 1 in Staves
 14877 | D:11     | Found a shadowy altar of Dithmenos.
 14926 | D:11     | Found a staircase to the Lair.
 15471 | D:11     | Noticed a cyclops
 15477 | D:11     | Killed a cyclops
 15546 | D:11     | Found Zoemem's Antique Armour Boutique.
 15553 | D:11     | Bought a fabulously ornate robe for 199 gold pieces
 15553 | D:11     | Identified the +3 robe of Ebalybil {Harm *Slow rN+ SInv}
                  | (You bought it in a shop on level 11 of the Dungeon)
 15827 | D:12     | Noticed a green ugly thing
 16478 | D:12     | Offered knowledge of Sticky Flame by Vehumet.
 16498 | D:12     | Killed an unseen horror
 16641 | D:12     | Got a pitted leather armour
 16642 | D:12     | Identified the cursed +1 leather armour of Divine
                  | Compulsion {rC- rN++ rCorr} (You found it on level 12 of
                  | the Dungeon)
 16743 | D:12     | Reached skill level 5 in Evocations
 16746 | D:12     | Reached XP level 12. HP: 44/63 MP: 22/24
 16755 | D:12     | Reached skill level 5 in Maces & Flails
 17590 | D:13     | Noticed an ogre mage
 17591 | D:13     | Reached skill level 5 in Dodging
 17591 | D:13     | Reached skill level 9 in Conjurations
 17592 | D:13     | Killed an ogre mage
 17593 | D:13     | Noticed a two-headed ogre
 17601 | D:13     | Killed a two-headed ogre
 18278 | D:13     | Reached skill level 1 in Fire Magic
 19089 | D:13     | Reached XP level 13. HP: 48/68 MP: 25/25
 19353 | D:13     | Found a gate to the Vaults.
 20621 | D:14     | Got a smoking platinum ring
 20622 | D:14     | Identified the ring "Rywatis" {rF+ rC+++ MP-9} (You found
                  | it on level 14 of the Dungeon)
 21012 | Lair:1   | Entered Level 1 of the Lair of Beasts
 21022 | Lair:1   | Noticed Nergalle
 21034 | Lair:1   | Killed Nergalle
 21034 | Lair:1   | Reached skill level 10 in Conjurations
 21867 | Lair:1   | Reached skill level 5 in Fire Magic
 22082 | Lair:2   | Offered knowledge of Orb of Destruction by Vehumet.
 22388 | Lair:2   | You fall into a shaft and drop 1 floor!
 22456 | Lair:2   | Learned a level 7 spell: Orb of Destruction
 22517 | Lair:2   | Found a staircase to the Snake Pit.
 22875 | Lair:2   | Got an ichor-stained morningstar
 22876 | Lair:2   | Identified the +9 morningstar of Havoc {elec, Int+2 Dex+4
                  | Stlth+} (You found it on level 2 of the Lair of Beasts)
 22934 | Lair:2   | Identified the +11 mace "Spiderslayer" {vorpal, *Rage
                  | *Noise rElec rN+++} (You found it on level 2 of the Lair of
                  | Beasts)
 23576 | Lair:3   | Identified the cursed +0 leather armour of the Skies Above
                  | {Dex+2 Stlth+} (You found it on level 3 of the Lair of
                  | Beasts)
 23660 | Lair:3   | Gained mutation: Your large and strong wings let you fly
                  | indefinitely. [Gargoyle growth]
 23660 | Lair:3   | Reached XP level 14. HP: 68/75 MP: 27/27
 24003 | Lair:3   | Found a staircase to the Shoals.
 25689 | Lair:4   | You are sucked into a shaft and drop 1 floor!
 26141 | Lair:5   | Offered knowledge of Starburst by Vehumet.
 26149 | Lair:5   | Learned a level 6 spell: Starburst
 26519 | Lair:6   | Entered Level 6 of the Lair of Beasts
 27053 | Lair:6   | Reached skill level 11 in Conjurations
 27297 | Lair:6   | Reached skill level 10 in Spellcasting
 27705 | Lair:6   | Reached XP level 15. HP: 76/81 MP: 29/29
 28171 | Lair:6   | Found a staircase to the Slime Pits.
 28171 | Lair:6   | Found a viscous altar of Jiyva.
 28606 | Orc:1    | Entered Level 1 of the Orcish Mines
 28616 | Orc:1    | Offered knowledge of Iskenderun's Battlesphere by Vehumet.
 28616 | Orc:1    | Reached ****** piety under Vehumet
 28648 | Orc:1    | Found Faojeh's Antique Armour Shop.
 28708 | Orc:1    | Found a roughly hewn altar of Beogh.
 28931 | Orc:2    | Entered Level 2 of the Orcish Mines
 28931 | Orc:2    | Noticed Donald
 28936 | Orc:2    | Killed Donald
 29256 | Orc:2    | Found a staircase to the Elven Halls.
 29261 | Orc:2    | Found a roughly hewn altar of Beogh.
 29618 | Orc:2    | Found Puatou's Magic Scroll Boutique.
 29619 | Orc:2    | Found Leulura's Antique Armour Shop.
 29620 | Orc:2    | Found Uhudwitu's Book Shop.
 29627 | Orc:2    | Found Xezxiq's Jewellery Boutique.
 29640 | Orc:2    | Bought a pair of crude gloves for 332 gold pieces
 29640 | Orc:2    | Identified the cursed +0 pair of gloves "Xuotzasa" {rF-
                  | rCorr SInv} (You bought it in a shop on level 2 of the
                  | Orcish Mines)
 29644 | Orc:2    | Bought a book of the Tempests for 840 gold pieces
 29690 | Orc:2    | Found Yduada Dufa's Gadget Emporium.
 29832 | Orc:2    | Noticed Urug
 29840 | Orc:2    | Killed Urug
 29840 | Orc:2    | Offered knowledge of Irradiate by Vehumet.
 29920 | Orc:1    | Reached skill level 10 in Fighting
 30644 | D:15     | Entered Level 15 of the Dungeon
 32415 | D:15     | Found a staircase to the Depths.
 32484 | Depths:1 | Entered Level 1 of the Depths
 32734 | Depths:1 | Offered knowledge of Spellforged Servitor by Vehumet.
 33335 | Snake:1  | Entered Level 1 of the Snake Pit
 33392 | Snake:1  | Reached skill level 10 in Fire Magic
 33727 | Orc:2    | Bought a book of Power for 540 gold pieces
 33734 | Orc:2    | Learned a level 6 spell: Iron Shot
 34091 | Snake:1  | Reached XP level 16. HP: 63/88 MP: 30/30
 34092 | Snake:1  | Reached XP level 17. HP: 67/92 MP: 31/31
 34093 | Snake:1  | Reached XP level 18. HP: 70/97 MP: 32/32
 34701 | Snake:1  | Reached skill level 12 in Conjurations
 35162 | Snake:2  | Found the +0 staff of Battle
 35392 | Snake:2  | Found an iron altar of Okawaru.
 36564 | Snake:2  | Learned a level 8 spell: Ignition
 36565 | Snake:3  | Noticed Louise
 36572 | Snake:3  | Killed Louise
 36731 | Snake:3  | Noticed Vashnia
 36878 | Snake:3  | Offered knowledge of Lehudib's Crystal Spear by Vehumet.
 36878 | Snake:3  | Offered knowledge of Fire Storm by Vehumet.
 36878 | Snake:3  | Offered knowledge of Chain Lightning by Vehumet.
 36899 | Snake:3  | Killed Vashnia
 37460 | Snake:3  | Reached skill level 10 in Maces & Flails
 37670 | Snake:3  | Noticed Mara
 37753 | Snake:3  | Killed Mara
 38007 | Snake:3  | Found a glowing golden altar of the Shining One.
 38697 | Shoals:1 | Entered Level 1 of the Shoals
 38715 | Shoals:1 | Reached XP level 19. HP: 35/103 MP: 21/34
 38792 | Shoals:1 | Lost mutation: You are frail. (-10% HP) [potion of
                  | mutation]
 38792 | Shoals:1 | Lost mutation: Your mind is acute. (Int +2) [potion of
                  | mutation]
 38792 | Shoals:1 | Lost mutation: You are partially covered in iridescent
                  | scales. (AC +2) [potion of mutation]
 38792 | Shoals:1 | Lost mutation: You expend magic power (3 MP) to strengthen
                  | your wands. [potion of mutation]
 38792 | Shoals:1 | Gained mutation: You are resistant to hostile enchantments.
                  | (MR+) [potion of mutation]
 38792 | Shoals:1 | Gained mutation: You are weak. (Str -2) [potion of
                  | mutation]
 38792 | Shoals:1 | Gained mutation: Your body sometimes deteriorates upon
                  | taking damage. [potion of mutation]
 38792 | Shoals:1 | Gained mutation: You have a pair of small antennae on your
                  | head. [potion of mutation]
 38793 | Shoals:1 | Lost mutation: You are weak. (Str -2) [potion of mutation]
 38793 | Shoals:1 | Lost mutation: You have a pair of small antennae on your
                  | head. [potion of mutation]
 38793 | Shoals:1 | Lost mutation: Your body sometimes deteriorates upon taking
                  | damage. [potion of mutation]
 38793 | Shoals:1 | Gained mutation: Potions are less effective at restoring
                  | your health. [potion of mutation]
 38793 | Shoals:1 | Gained mutation: You are partially covered in molten
                  | scales. (AC +2) [potion of mutation]
 38793 | Shoals:1 | Gained mutation: Scrolls take you a little longer to read.
                  | [potion of mutation]
 38793 | Shoals:1 | Gained mutation: You expend magic power (3 MP) to
                  | strengthen your wands. [potion of mutation]
 38794 | Shoals:1 | Lost mutation: Scrolls take you a little longer to read.
                  | [potion of mutation]
 38794 | Shoals:1 | Lost mutation: You expend magic power (3 MP) to strengthen
                  | your wands. [potion of mutation]
 38794 | Shoals:1 | Lost mutation: You are resistant to hostile enchantments.
                  | (MR+) [potion of mutation]
 38794 | Shoals:1 | Gained mutation: Your flesh is heat resistant. (rF+)
                  | [potion of mutation]
 38794 | Shoals:1 | Gained mutation: You can translocate small distances at
                  | will. [potion of mutation]
 38794 | Shoals:1 | Gained mutation: You have a somewhat thin skeletal
                  | structure. (Dex +2, Stealth) [potion of mutation]
 39317 | Shoals:1 | Noticed Josephine
 39321 | Shoals:1 | Killed Josephine
 40992 | Shoals:2 | Acquired 740 gold pieces
 42231 | Orc:2    | Bought a scroll of brand weapon for 260 gold pieces
 42236 | Orc:2    | Bought a scroll of teleportation for 39 gold pieces
 42236 | Orc:2    | Bought a scroll of identify for 26 gold pieces
 42236 | Orc:2    | Bought a scroll of teleportation for 39 gold pieces
 42236 | Orc:2    | Bought a scroll of teleportation for 39 gold pieces
 42285 | Elf:1    | Entered Level 1 of the Elven Halls
 42392 | Elf:1    | Reached skill level 13 in Conjurations
 42916 | Elf:1    | Found a runed translucent gate.
 42916 | Elf:1    | Found a runed translucent gate.
 42916 | Elf:1    | Found a runed translucent gate.
 42916 | Elf:1    | Found a runed translucent gate.
 42916 | Elf:1    | Found a runed translucent gate.
 42919 | Elf:1    | Found a runed translucent gate.
 43012 | Elf:1    | Acquired 650 gold pieces
 43046 | Elf:1    | Noticed Jorgrun
 43052 | Elf:1    | Killed Jorgrun
 43586 | Elf:1    | Noticed Frances
 43602 | Elf:1    | Reached skill level 15 in Earth Magic
 43604 | Elf:1    | Killed Frances
 43925 | Elf:2    | Found Qounk's General Store.
 44157 | Elf:2    | Reached skill level 15 in Fire Magic
 44448 | Elf:2    | Reached XP level 20. HP: 118/122 MP: 36/36
 44464 | Elf:2    | Found a runed translucent door.
 44504 | Elf:2    | Found a runed translucent door.
 45255 | Elf:3    | Entered Level 3 of the Elven Halls
 45341 | Elf:3    | Reached skill level 10 in Dodging
 46133 | Elf:3    | Cast into level 2 of the Abyss (a deep elf sorcerer)
 46232 | Elf:3    | Escaped the Abyss
 46867 | Elf:3    | Got a slimy ivory amulet
 46868 | Elf:3    | Identified the amulet of Day {Inacc Str+4 Int+3} (You found
                  | it on level 3 of the Elven Halls)
 46890 | Elf:3    | Identified the Grimoire of the Congealing Volcanoes
 46892 | Elf:3    | Identified the Collected Works on the Sinister Voyage
 46901 | Elf:3    | Got a scorched bronze ring
 46902 | Elf:3    | Identified the ring "Wumimaat" {Ice Int+4} (You found it on
                  | level 3 of the Elven Halls)
 46917 | Elf:3    | Identified the cursed +1 robe of Pride {+Blink rPois rF-}
                  | (You found it on level 3 of the Elven Halls)
 46919 | Elf:3    | Identified the +2 buckler of Lust {MR- Str+2 Dex+5} (You
                  | found it on level 3 of the Elven Halls)
 47274 | Snake:4  | Entered Level 4 of the Snake Pit
 47479 | Snake:4  | Found Pamiuhu's Jewellery Boutique.
 47979 | Snake:4  | Reached skill level 14 in Conjurations
 48153 | Snake:4  | Reached XP level 21. HP: 85/129 MP: 37/37
 48692 | Snake:4  | Got a serpentine rune of Zot
 50334 | Shoals:4 | Entered Level 4 of the Shoals
 50533 | Shoals:4 | Noticed Aizul
 50549 | Shoals:4 | Killed Aizul
 50763 | Shoals:4 | Got a barnacled rune of Zot
 52122 | Vaults:1 | Entered Level 1 of the Vaults
 53329 | Vaults:1 | Reached XP level 22. HP: 127/136 MP: 39/39
 54125 | Vaults:2 | Paralysed by a great orb of eyes for 6 turns
 54149 | Vaults:2 | Noticed Frederick
 54159 | Vaults:2 | Killed Frederick
 54159 | Vaults:2 | Paralysed by a great orb of eyes for 4 turns
 54608 | Vaults:2 | Reached skill level 15 in Conjurations
 55211 | Vaults:2 | Found the +3 giant club "Skullcrusher" {speed, Str+7}
 55764 | Vaults:2 | Found a portal to a secret trove of treasure.
 55774 | Trove    | Entered a treasure trove
 55793 | Trove    | Identified the Almanac of Shape Shifting
 55802 | Trove    | Identified the Disquisition on the Birds and Malediction
 55821 | Trove    | Identified Suagh's Papyrus of Snow
 55853 | Trove    | Identified Sif Muna's Catalogue of Igneous Transformation
 55856 | Trove    | Identified the Disquisition on Battle Magic and the
                  | Arsonist
 55888 | Trove    | Acquired 1740 gold pieces
 55985 | Vaults:2 | Found Ommitats's Armour Shop.
 56320 | Vaults:3 | Found Vin Xeiq's Distillery.
 56325 | Vaults:3 | Bought a potion of brilliance for 56 gold pieces
 56325 | Vaults:3 | Bought a potion of mutation for 112 gold pieces
 56325 | Vaults:3 | Bought a potion of curing for 42 gold pieces
 56325 | Vaults:3 | Bought 2 potions of ambrosia for 224 gold pieces
 56325 | Vaults:3 | Bought a potion of mutation for 112 gold pieces
 56325 | Vaults:3 | Bought a potion of heal wounds for 70 gold pieces
 56325 | Vaults:3 | Bought a potion of curing for 42 gold pieces
 56378 | Vaults:3 | Found Atsugrets's Antique Armour Shoppe.
 56381 | Vaults:3 | Bought a pair of embroidered boots for 285 gold pieces
 56381 | Vaults:3 | Bought a pair of ichor-stained gloves for 361 gold pieces
 56381 | Vaults:3 | Identified the cursed -6 pair of gloves "Qocva" {rC+ rCorr}
                  | (You bought it in a shop on level 3 of the Vaults)
 56546 | Vaults:3 | Found a huge runed gate.
 56546 | Vaults:3 | Found a huge runed gate.
 56546 | Vaults:3 | Found a huge runed gate.
 56546 | Vaults:3 | Found a huge runed gate.
 56546 | Vaults:3 | Found a huge runed gate.
 56546 | Vaults:3 | Found a huge runed gate.
 56546 | Vaults:3 | Found a huge runed gate.
 56547 | Vaults:3 | Found a huge runed gate.
 56547 | Vaults:3 | Found a huge runed gate.
 56547 | Vaults:3 | Found a huge runed gate.
 57098 | Vaults:3 | Found a staircase to the Crypt.
 57158 | Vaults:3 | Got a twitching bronze ring
 57159 | Vaults:3 | Identified the ring of the Commoners {rElec rN+ Str+6
                  | Slay+3} (You found it on level 3 of the Vaults)
 57440 | Vaults:3 | Found Himoixtye's Gadget Shoppe.
 57662 | Vaults:3 | Found Humnylom's Weapon Shoppe.
 57884 | Vaults:3 | Found Udaergh's Assorted Antiques.
 57892 | Vaults:3 | Bought a scroll of identify for 80 gold pieces
 58073 | Vaults:3 | Found a sparkling altar of Nemelex Xobeh.
 58209 | Vaults:4 | Reached XP level 23. HP: 130/143 MP: 40/40
 58998 | Vaults:4 | Learned a level 4 spell: Sticky Flame
 59058 | Vaults:4 | Found Deucruq's Distillery.
 59081 | Vaults:4 | Bought a potion of curing for 45 gold pieces
 59081 | Vaults:4 | Bought a potion of might for 60 gold pieces
 59081 | Vaults:4 | Bought a potion of heal wounds for 75 gold pieces
 59081 | Vaults:4 | Bought a potion of curing for 45 gold pieces
 59081 | Vaults:4 | Bought a potion of heal wounds for 75 gold pieces
 59081 | Vaults:4 | Bought a potion of curing for 45 gold pieces
 59782 | Vaults:4 | Learned a level 9 spell: Shatter
 60830 | Vaults:5 | Entered Level 5 of the Vaults
 60831 | Vaults:5 | Reached skill level 15 in Fighting
 60831 | Vaults:5 | Noticed a golden dragon
 60968 | Vaults:5 | Reached skill level 16 in Conjurations
 60972 | Vaults:5 | Killed a golden dragon
 60975 | Vaults:5 | Reached XP level 24. HP: 151/151 MP: 17/41
 61128 | Vaults:5 | Noticed an ancient lich
 61129 | Vaults:5 | Killed an ancient lich
 61292 | Vaults:5 | Noticed an ancient lich
 61409 | Vaults:5 | Killed an ancient lich
 61786 | Vaults:5 | Reached XP level 25. HP: 112/157 MP: 15/41
 61790 | Vaults:5 | Noticed an ancient lich
 61794 | Vaults:5 | Killed an ancient lich
 62024 | Vaults:5 | Identified Pakox's Catalogue of Earthen Ignition
 62437 | Vaults:5 | Got a silver rune of Zot
 62439 | Vaults:5 | Identified the cursed +1 morningstar of Exhibitionism
                  | {protect, rElec rN+} (You found it on level 5 of the
                  | Vaults)
 62844 | Crypt:1  | Entered Level 1 of the Crypt
 63070 | Orc:1    | Bought a runed helmet for 210 gold pieces
 63342 | Crypt:1  | Learned a level 9 spell: Fire Storm
 63553 | Crypt:1  | Noticed Margery
 63558 | Crypt:1  | Killed Margery
 63558 | Crypt:1  | Reached skill level 15 in Spellcasting
 63558 | Crypt:1  | Reached skill level 17 in Conjurations
 65101 | Crypt:2  | Noticed Boris
 65104 | Crypt:2  | Killed Boris
 65727 | Crypt:3  | Entered Level 3 of the Crypt
 66139 | Crypt:3  | Cast into level 5 of the Abyss (a lich)
 66139 | Abyss:5  | Entered Level 5 of the Abyss
 66166 | Crypt:3  | Escaped the Abyss
 66206 | Crypt:3  | Reached XP level 26. HP: 124/164 MP: 29/42
 66211 | Crypt:3  | Identified the +7 long sword of the Freezing King {venom,
                  | rF+ SInv}
 66410 | Crypt:3  | Found a basalt altar of Yredelemnul.
 66723 | Crypt:3  | Found the +3 Elemental Staff {rElec rF++ rC++ MR++ AC+5}
 67045 | Crypt:3  | Found a staircase to the Tomb.
 68689 | Depths:1 | Found a one-way gate to the infinite horrors of the Abyss.
 68694 | Depths:1 | Found a corrupted altar of Lugonu.
 68989 | Depths:1 | Found a gateway to Hell.
 69151 | Depths:1 | Found a one-way gate leading to the halls of Pandemonium.
 69308 | Depths:1 | Found a shattered altar of Ashenzari.
 69658 | Depths:2 | Reached skill level 18 in Conjurations
 70167 | Depths:2 | Reached skill level 5 in Staves
 70184 | Depths:2 | Reached XP level 27. HP: 172/172 MP: 5/42
 70746 | Depths:2 | Noticed a juggernaut
 71017 | Depths:2 | Noticed a juggernaut
 71020 | Depths:2 | Killed a juggernaut
 71251 | Depths:2 | Killed a juggernaut
 71436 | Depths:2 | You are sucked into a shaft and drop 2 floors!
 71436 | Depths:4 | Noticed Jory
 71439 | Depths:4 | Killed Jory
 71479 | Depths:4 | Identified the ring "Odwacvuf" {Fire rPois SInv}
 71693 | Depths:4 | Got a twitching steel ring
 71699 | Depths:4 | Identified the ring of Departure {AC+4 Dex+6} (You took it
                  | off a deep elf demonologist on level 4 of the Depths)
 72328 | Depths:4 | Got a brightly glowing golden amulet
 72329 | Depths:4 | Identified the amulet of Limitation {Acrobat *Corrode Dex+4
                  | SInv} (You found it on level 4 of the Depths)
 72339 | Depths:4 | Got a sparkling emerald amulet
 72340 | Depths:4 | Identified the amulet of Zuvaan {Inacc MR+ Str+7} (You
                  | found it on level 4 of the Depths)
 72471 | Depths:4 | Found a corrupted altar of Lugonu.
 73368 | Depths:3 | Found a glowing silver altar of Zin.
 73393 | Depths:3 | Identified the +2 robe of the Exiled Emperors {-Cast rElec
                  | Str+9 Dex-2}
 73397 | Depths:3 | Reached skill level 19 in Conjurations
 73399 | Depths:3 | Noticed a juggernaut
 73402 | Depths:3 | Killed a juggernaut
 73578 | Depths:2 | Noticed a juggernaut
 73586 | Depths:2 | Killed a juggernaut
 74249 | Depths:3 | Reached skill level 15 in Dodging
 74617 | Depths:3 | Found a hide-covered altar of Uskayaw.
 74780 | Depths:3 | Found a sparkling altar of Nemelex Xobeh.
 74804 | Depths:3 | Found a shadowy altar of Dithmenos.
 75167 | Depths:5 | Entered Level 5 of the Depths
 75764 | Depths:5 | Found a gate to the Realm of Zot.
 76079 | Depths:5 | Identified the +0 robe "Porun" {rPois rF+ MR++} (You found
                  | it on level 5 of the Depths)
 76094 | Depths:5 | Found a gateway to a ziggurat.
 76321 | Depths:5 | Found Qushat's Jewellery Emporium.
 76321 | Depths:5 | Found Quatib's Gadget Shop.
 76322 | Depths:5 | Found Gosow's Gadget Shop.
 76335 | Depths:5 | Bought the ring "Ycvadghaf" {MR+ Int+6} for 1279 gold
                  | pieces
 76532 | Zig:1    | Entered Level 1 of a ziggurat
 76550 | Zig:2    | Entered Level 2 of a ziggurat
 76575 | Zig:3    | Entered Level 3 of a ziggurat
 76599 | Zig:4    | Entered Level 4 of a ziggurat
 76602 | Zig:4    | Noticed Jekel the pandemonium lord
 76606 | Zig:4    | Killed Jekel the pandemonium lord
 76699 | Zig:4    | Acquired 790 gold pieces
 76708 | Zig:5    | Entered Level 5 of a ziggurat
 76859 | Zig:5    | Identified the cursed +1 great mace of Honour {vorpal,
                  | rElec MR- Dex-3 SInv} (You found it on level 5 of a
                  | ziggurat)
 76863 | Zig:6    | Entered Level 6 of a ziggurat
 76869 | Zig:6    | Noticed an ancient lich
 76871 | Zig:6    | Killed an ancient lich
 76874 | Zig:6    | Reached skill level 20 in Conjurations
 76886 | Zig:6    | Learned a level 8 spell: Necromutation
 76900 | Zig:6    | Identified the Volume of Freezing Orientation
 76913 | Zig:7    | Entered Level 7 of a ziggurat
 76919 | Zig:7    | Reached skill level 1 in Transmutations
 76940 | Zig:7    | Identified Tiumiur's Guide on the Blaze and Execration
 76947 | Zig:8    | Entered Level 8 of a ziggurat
 76953 | Zig:8    | Reached skill level 1 in Necromancy
 76988 | Zig:8    | Got a twitching pewter amulet
 76992 | Zig:8    | Identified the amulet of Ennuunips {rPois rF+ Regen+} (You
                  | found it on level 8 of a ziggurat)
 77024 | Zig:9    | Entered Level 9 of a ziggurat
 77045 | Zig:9    | Identified the Handbook of Summoning and Toxins
 77063 | Zig:10   | Entered Level 10 of a ziggurat
 77069 | Zig:10   | Noticed a greater mummy
 77069 | Zig:10   | Noticed a greater mummy
 77072 | Zig:10   | Noticed a greater mummy
 77075 | Zig:10   | Killed a greater mummy
 77076 | Zig:10   | Killed a greater mummy
 77076 | Zig:10   | Reached skill level 5 in Necromancy
 77084 | Zig:10   | Killed a greater mummy
 77358 | Zig:10   | Found the +5 robe of Night {Dark MR+ SInv}
 77387 | Zig:11   | Entered Level 11 of a ziggurat
 77541 | Zig:11   | Identified Sif Muna's Grimoire of Snow
 77544 | Zig:11   | Identified the Collected Works on Attacks and Sinister
                  | Magic
 77551 | Zig:11   | Identified the Reference Book on the Supportive Glacier
 77554 | Zig:11   | Identified the Almanac of the Escort and Fire
 77566 | Zig:12   | Entered Level 12 of a ziggurat
 77576 | Zig:12   | Noticed Jaxeski the pandemonium lord
 77580 | Zig:12   | Killed Jaxeski the pandemonium lord
 77614 | Zig:12   | Found the +2 ratskin cloak {*Rats rPois rN+ Str-1 Int-1
                  | Dex+1}
 77645 | Zig:12   | Identified the Handbook of the Torrid Entourage
 77707 | Zig:13   | Entered Level 13 of a ziggurat
 77718 | Zig:13   | Noticed Ugaa the pandemonium lord
 77719 | Zig:13   | Killed Ugaa the pandemonium lord
 77720 | Zig:13   | Reached skill level 5 in Transmutations
 77904 | Zig:13   | Identified the +7 quarterstaff "Kiovugol" {speed, rN++
                  | Int-5} (You found it on level 13 of a ziggurat)
 77910 | Zig:13   | Acquired 1270 gold pieces
 77914 | Zig:13   | Acquired 3720 gold pieces
 77918 | Zig:13   | Acquired a manual of Necromancy
 77929 | Zig:14   | Entered Level 14 of a ziggurat
 77962 | Zig:14   | Identified the Incunabulum of Ghastly Earth
 77995 | Zig:15   | Entered Level 15 of a ziggurat
 78006 | Zig:15   | Reached skill level 21 in Conjurations
 78138 | Zig:15   | Got a heavily runed jade ring
 78139 | Zig:15   | Identified the ring of Belal {*Drain rN+ MR++ rCorr} (You
                  | found it on level 15 of a ziggurat)
 78164 | Zig:15   | Reached skill level 10 in Necromancy
 78166 | Zig:16   | Entered Level 16 of a ziggurat
 78176 | Zig:16   | Noticed Hoososuz the pandemonium lord
 78197 | Zig:16   | Killed Hoososuz the pandemonium lord
 78368 | Zig:16   | Got a faintly glowing glass ring
 78369 | Zig:16   | Identified the ring "Uriocig" {+Fly rPois Dex+4 Slay-3}
                  | (You found it on level 16 of a ziggurat)
 78391 | Zig:17   | Entered Level 17 of a ziggurat
 78464 | Zig:18   | Entered Level 18 of a ziggurat
 78510 | Zig:18   | Got a pitted golden ring
 78511 | Zig:18   | Identified the ring of the Rabble {rC- rN+++ AC+4 Dex+4}
                  | (You found it on level 18 of a ziggurat)
 78523 | Zig:19   | Entered Level 19 of a ziggurat
 78528 | Zig:19   | Noticed a greater mummy
 78528 | Zig:19   | Noticed a greater mummy
 78530 | Zig:19   | Noticed a greater mummy
 78532 | Zig:19   | Killed a greater mummy
 78533 | Zig:19   | Killed a greater mummy
 78533 | Zig:19   | Killed a greater mummy
 78534 | Zig:19   | Noticed a greater mummy
 78535 | Zig:19   | Noticed a greater mummy
 78535 | Zig:19   | Noticed a greater mummy
 78537 | Zig:19   | Noticed a greater mummy
 78537 | Zig:19   | Noticed a greater mummy
 78538 | Zig:19   | Killed a greater mummy
 78539 | Zig:19   | Killed a greater mummy
 78540 | Zig:19   | Killed a greater mummy
 78540 | Zig:19   | Killed a greater mummy
 78541 | Zig:19   | Killed a greater mummy
 78649 | Zig:19   | Identified the +1 pair of gloves "Ejahat" {MR- Int+8 SInv}
                  | (You found it on level 19 of a ziggurat)
 78666 | Zig:19   | Got a brightly glowing crystal amulet
 78667 | Zig:19   | Identified the amulet of Wyfun {Spirit Fragile MR++ Dex+2
                  | Stlth+} (You found it on level 19 of a ziggurat)
 78673 | Zig:20   | Entered Level 20 of a ziggurat
 78687 | Zig:20   | Reached skill level 22 in Conjurations
 78736 | Zig:20   | Identified the +0 cloak "Tosoer" {Str+3 Dex+4} (You found
                  | it on level 20 of a ziggurat)
 78758 | Zig:20   | Identified the Catalogue of Confrontation
 78761 | Zig:20   | Got a scintillating granite ring
 78762 | Zig:20   | Identified the ring "Kaucisuj" {*Corrode +Fly rF+ rN+
                  | Dex+4} (You found it on level 20 of a ziggurat)
 78778 | Zig:21   | Entered Level 21 of a ziggurat
 78805 | Zig:21   | Reached skill level 10 in Transmutations
 78828 | Zig:21   | Identified the +0 pair of boots "Noomitil" {*Slow +Fly rF+
                  | rC++} (You found it on level 21 of a ziggurat)
 78898 | Zig:22   | Entered Level 22 of a ziggurat
 78914 | Zig:22   | Found the ring of Shadows {Umbra +Inv Stlth+}
 78920 | Zig:22   | Reached skill level 15 in Necromancy
 79013 | Zig:22   | Got a smoking platinum ring
 79014 | Zig:22   | Identified the ring of Himiev {rN+ Str+3} (You found it on
                  | level 22 of a ziggurat)
 79059 | Zig:23   | Entered Level 23 of a ziggurat
 79072 | Zig:23   | Reached skill level 23 in Conjurations
 79186 | Zig:23   | Identified Sif Muna's Incunabulum of the Traveller
 79202 | Zig:23   | Identified the Almanac of the Escort and Venom
 79227 | Zig:24   | Entered Level 24 of a ziggurat
 79300 | Zig:24   | Identified the Tome of Supportive Transmigration
 79347 | Zig:25   | Entered Level 25 of a ziggurat
 79361 | Zig:25   | Reached skill level 24 in Conjurations
 79363 | Zig:25   | Noticed an ancient lich
 79367 | Zig:25   | Killed an ancient lich
 79370 | Zig:25   | Noticed an ancient lich
 79376 | Zig:25   | Killed an ancient lich
 79449 | Zig:25   | Identified the -4 pair of boots of the Blind Marksman
                  | {Str+5} (You found it on level 25 of a ziggurat)
 79454 | Zig:25   | Identified the Tome of Creative Orientation
 79478 | Zig:26   | Entered Level 26 of a ziggurat
 79495 | Zig:26   | Noticed an ancient lich
 79497 | Zig:26   | Killed an ancient lich
 79526 | Zig:26   | Identified the Papyrus of the Creative Mountains
 79645 | Zig:26   | Identified the ring "Goju Cau" {+Fly Stlth+} (You found it
                  | on level 26 of a ziggurat)
 79665 | Zig:26   | Reached skill level 10 in Evocations
 79678 | Zig:26   | Identified the amulet of Voatin {Spirit SInv} (You found it
                  | on level 26 of a ziggurat)
 79681 | Zig:27   | Entered Level 27 of a ziggurat
 79690 | Zig:27   | Gained mutation: Scrolls take you a little longer to read.
                  | [a cacodemon]
 79696 | Zig:27   | Reached skill level 25 in Conjurations
 79696 | Zig:27   | Gained mutation: Your magical capacity is low. (-10% MP) [a
                  | cacodemon]
 79698 | Zig:27   | Killed from afar by an Ice Fiend

Illustrated notes

Levels and vault maps discovered:
D:1:      saegor_arrival_simple_e, layout_basic, chequers_serial_rivers_micro_b
D:2:      minmay_wonky_spiral, layout_basic, uniq_natasha
D:3:      minmay_goblin_kobold_castle, layout_basic
D:4:      layout_loops_corners, minmay_temple_entry_junction,
          portal_sewer_entry_b, serial_shops, nicolae_shop_waterfront
D:5:      layout_cave_pools, uniq_edmund
D:6:      layout_basic, chequers_temple_overflow_statue_of_worship,
          serial_bayou_pond_e, minmay_statues_item
D:7:      layout_loops_ring, nicolae_overflow_crystal_walls, led_sif_pool
D:8:      layout_loops_corners, cheibriados_altar_1, nicolae_ru_path_of_blood,
          serial_shops, shop, enter_ossuary_2, makhleb_heckhound_becter,
          uniq_maurice
D:9:      layout_loops_cross, minmay_parallelograms
D:10:     layout_layer_cave, orc_0_dummy, enter_bailey_7
D:11:     layout_loops_corners, david_lair_shrubbed, serial_shops, shop,
          grunt_dithmenos_shadows
D:12:     layout_small_grid, kennysheep_generic_room_5
D:13:     layout_long_grid, hangedman_vaults_entry_quadrant_bands
D:14:     wander_river, layout_basic, chequers_serial_rivers_large_a
D:15:     gammafunk_enter_depths_forms, layout_cave_pods,
          minmay_misc_feat_tower, item_on_display_a
Temple:   nicolae_temple_elliptical
Lair:1:   layout_small_grid, uniq_nergalle
Lair:2:   layout_misc_corridors, minmay_snake_entry_six_corridors, special_room
          [special_room_bee], worms_lemuel, lemuel_fruit_tree
Lair:3:   layout_big_grid, elwin_shoals_entry_rooms, grunt_forest_stairs_basic
Lair:4:   layout_gridlike, st_stairs_4
Lair:5:   layout_loops_ring, chequers_serial_rivers_room_b, grunt_megastairs_1
Lair:6:   minmay_lair_end_frog_pond, layout_loops_ring, slime_altar_1,
          minivault_25, minmay_stone_trees_medium, minmay_lair_oklob_bushes
Shoals:1: layout_shoals, uniq_josephine
Shoals:2: layout_shoals
Shoals:3: layout_shoals, nicolae_shoals_undead_eyrie
Shoals:4: shoals_end_grunt_ice, layout_shoals, uniq_aizul
Snake:1:  layout_rooms, serial_bayou_shore_b
Snake:2:  layout_onion, basic_altar, serial_bayou_shore_a
Snake:3:  layout_misc_corridors, basic_altar, serial_bayou_shore_b,
          uniq_vashnia, uniq_louise, uniq_mara
Snake:4:  snake_pit, layout_cave_town, serial_shops, nicolae_shop_statue_plus,
          nicolae_large_snake_swirl
Orc:1:    layout_caves, basic_altar, serial_shops,
          nicolae_shop_overgrown_old_shop
Orc:2:    st_orc_mages, layout_caves, basic_altar, serial_shops, shop,
          uniq_donald, uniq_urug
Elf:1:    elf_arrival_001, layout_geoelf_octagon, orc_legates, uniq_frances,
          uniq_jorgrun
Elf:2:    layout_geoelf_grid, serial_shops, shop, mumra_transporter_accident
Elf:3:    elf_hall, layout_geoelf_octagon, drop_trap, st_stairs_13,
          roderic_roman_lattice
Vaults:1: ontoclasm_vaults_bender, nicolae_vaults_angled_halls,
          ontoclasm_vaults_ligature, hangedman_vaults_stretched_pinwheel,
          hangedman_vaults_nails, nicolae_vaults_rhombus_6, v_misc_9,
          layout_vaults_omnigrid
Vaults:2: nicolae_vaults_little_ls, v_misc_15, ontoclasm_vaults_spin, v_misc_26,
          nicolae_vaults_network_quincunx
          [nicolae_vaults_network_quincunx_subvault,
          nicolae_vaults_network_quincunx_subvault,
          nicolae_vaults_network_quincunx_subvault,
          nicolae_vaults_network_quincunx_subvault,
          nicolae_vaults_network_quincunx_subvault], v_pattern_5,
          nicolae_vaults_border_crossing, ontoclasm_vaults_decontamination,
          nicolae_vaults_triangles, vaults_mumra_chevron, serial_ice_h,
          nicolae_vaults_big_angled_halls, ontoclasm_vaults_ring_square,
          vaults_room_pools, layout_vaults_omnibox, serial_shops, shop_statue,
          nicolae_trove_entry_crossroad, uniq_frederick
Vaults:3: nicolae_vaults_network_square, minmay_crypt_entry_simple_statues,
          nicolae_vaults_windows_and_doors_thing, hangedman_vaults_nails,
          hangedman_vaults_variations, v_misc_3, nicolae_vaults_display_case,
          vaults_not_door_vault_mu, nicolae_vaults_circle_grid_a, v_misc_15,
          ontoclasm_vaults_twist, vaults_room_pool, hangedman_vaults_trim,
          layout_vaults_maze_bifur, serial_shops, shop,
          nicolae_shop_competitors_out_of_business, shop,
          nicolae_shop_window_shopping, shop, basic_altar
Vaults:4: st_star, ontoclasm_vaults_eye, hangedman_vaults_trim, v_misc_9,
          vaults_mumra_chevron_long, v_misc_14, dpeg_vaults_monster_row,
          nicolae_vaults_twisting_passages, vaults_room_large_hall,
          ontoclasm_vaults_hangar, hangedman_vaults_stretched_pinwheel,
          nicolae_vaults_rhombus_5, ontoclasm_vaults_idyll, vaults_mumra_hex,
          vaults_dpeg_ring, layout_vaults_big_cross, serial_shops, shop
Vaults:5
Crypt:1:  layout_misc_corridors, uniq_margery
Crypt:2:  layout_chaotic_city, uniq_boris
Crypt:3:  evilmike_haunted_forest
Depths:1: due_chaos_kobolds, layout_cave_pools, hell_entry,
          evilmike_ruin_ashenzari, rand_demon_pan_entry_1, minivault_15,
          minmay_misc_feat_iff, minmay_fractal_squares_diagonal_5
Depths:2: minmay_octagon_city, layout_twisted_cross,
          wad_floor_pattern_untrapped, pf_hell_entry_tar_spiral,
          kennysheep_generic_room_15, infiniplex_staircase_pool_1
Depths:3: grunt_profane_halls [grunt_profane_temple_geh,
          grunt_profane_temple_coc, grunt_profane_temple_dis,
          grunt_profane_temple_tar, grunt_profane_loot], hell_entry, pan_entry,
          serial_shops
Depths:4: minmay_the_grid_triangle_9x9_recursive_3_mashed
          [minmay_the_grid_triangle_9x9_checkered,
          minmay_the_grid_triangle_9x9_sprig,
          minmay_the_grid_triangle_9x9_negative_grid,
          minmay_the_grid_triangle_9x9_prize_special,
          minmay_the_grid_triangle_9x9_stretched_checkered,
          minmay_the_grid_triangle_9x9_alien,
          minmay_the_grid_triangle_9x9_corrupted_corridor,
          minmay_the_grid_triangle_9x9_impossible_snake,
          minmay_the_grid_triangle_9x9_minimal], layout_gridlike,
          hangedman_decor_peaks_small, abyss_entry_flame_altar,
          pf_vacation_house_of_asmodeus, lemuel_old_faithful, uniq_jory
Depths:5: grunt_crosshair, layout_cave_shapes, enter_ziggurat_f, hell_entry,
          serial_rivers, chequers_serial_rivers_micro_a,
          chequers_serial_rivers_micro_e, chequers_serial_rivers_small_b,
          chequers_serial_rivers_room_a, chequers_serial_rivers_micro_b,
          grunt_decor_mini_mirrors, minmay_shop_grove
Zig:27

Skill      XL: |  1  2  3  4  5  6  7  8  9 10 11 12 13 14 15 16 17 18 19 20 21 22 23 24 25 26 27 |
---------------+----------------------------------------------------------------------------------+-----
Earth Magic    | 4 5 6 7 8 9 10 11 12 13 14 15 16 17 18 19 22 | 22.0
Spellcasting   | 3 4 5 6 7 8 9 10 11 12 13 14 15 22 | 22.1
Conjurations   | 1 2 3 4 6 7 8 9 10 11 12 13 14 15 16 17 18 25 | 25.1
Fighting       | 3 4 6 7 8 9 10 11 12 13 14 15 16 17 24 | 24.8
Armour         | 2 4 5 6 |  6.0
Maces & Flails | 2 4 6 7 8 9 10 11 12 13 | 13.1
Evocations     | 2 3 5 6 11 | 11.8
Dodging        | 2 3 4 5 6 7 8 9 10 11 12 13 14 15 | 15.0
Staves         | 2 5 8 |  8.6
Fire Magic     | 2 6 8 10 11 12 13 15 16 17 18 19 20 21 22 | 22.0
Transmutations | 10 | 10.0
Necromancy     | 16 | 16.0
Stealth        | |  2.1

Action                   |  1- 3 |  4- 6 |  7- 9 | 10-12 | 13-15 | 16-18 | 19-21 | 22-24 | 25-27 || total
-------------------------+-------+-------+-------+-------+-------+-------+-------+-------+-------++-------
Melee: Unarmed           |    22 |       |       |       |       |       |       |       |       ||    22
       Club              |    83 |       |       |       |       |       |       |       |       ||    83
       Short sword       |    20 |   335 |   224 |       |       |       |       |       |       ||   579
       Flail             |       |       |    68 |   382 |   331 |       |       |       |       ||   781
       Lajatang          |       |       |       |   149 |       |       |       |       |       ||   149
       Morningstar       |       |       |       |       |   617 |   213 |   567 |   505 |   621 ||  2523
       Staff             |       |       |       |       |       |       |       |       |   237 ||   237
Throw: Throwing net      |       |       |       |       |     1 |     5 |     2 |       |       ||     8
 Cast: Sandblast         |    19 |    21 |    72 |    27 |     4 |       |    12 |     1 |       ||   156
       Stone Arrow       |       |     1 |    27 |    26 |    21 |       |     1 |     1 |       ||    77
       Lee's Rapid Decon |       |     4 |     5 |    47 |    60 |    36 |    50 |     7 |    50 ||   259
       Bolt of Magma     |       |       |       |    23 |    50 |       |     5 |       |     1 ||    79
       Orb of Destructio |       |       |       |       |     6 |       |       |       |       ||     6
       Starburst         |       |       |       |       |    34 |    15 |    10 |       |     1 ||    60
       Iron Shot         |       |       |       |       |     6 |    60 |   157 |    91 |   157 ||   471
       Ignition          |       |       |       |       |       |     3 |    49 |    59 |    66 ||   177
       Shatter           |       |       |       |       |       |       |       |    44 |   201 ||   245
       Fire Storm        |       |       |       |       |       |       |       |       |   119 ||   119
       Necromutation     |       |       |       |       |       |       |       |       |     2 ||     2
 Abil: Fly               |       |       |       |       |     1 |       |       |       |       ||     1
Evoke: Wand              |       |       |     6 |     4 |     6 |       |     5 |       |       ||    21
       Box of beasts     |       |       |       |     3 |       |       |       |       |     2 ||     5
       Tin of tremorston |       |       |       |       |     3 |     4 |     7 |     4 |     9 ||    27
       Condenser vane    |       |       |       |       |     1 |     3 |     3 |     2 |     5 ||    14
  Use: Potion            |     2 |       |     1 |     4 |     2 |     7 |     9 |     4 |    20 ||    49
       Scroll            |       |    11 |    12 |    13 |    14 |     3 |    18 |    13 |    58 ||   142
 Stab: Sleeping          |     2 |     6 |     5 |     2 |    10 |     2 |    12 |     3 |     6 ||    48
       Distracted        |       |     1 |       |     1 |     3 |       |     2 |       |     6 ||    13
       Confused          |       |       |       |       |       |       |       |       |     1 ||     1
Armor: Robe              |    66 |   167 |   136 |   298 |   553 |   159 |   321 |   239 |   649 ||  2588
       Troll leather arm |       |       |    11 |       |       |       |       |       |       ||    11
Dodge: Dodged            |   112 |   270 |   246 |   590 |  1335 |   384 |   775 |   517 |  1240 ||  5469

Table legend: (Time is in decaauts)
 A = Elapsed time spent in this place.
 B = Non-inter-level travel time spent in this place.
 C = Inter-level travel time spent in this place.
 D = Time resting spent in this place.
 E = Time spent auto-exploring this place.
 F = Levels seen in this place.
 G = Mean time per level.
                   A        B        C        D        E       F      G
               +--------+--------+--------+--------+--------+-----+--------+
         Total |  79858 |  74634 |   5224 |  18264 |  39555 |  81 |  985.9 |
       Dungeon |  22573 |  21041 |   1532 |   4124 |  12700 |  15 | 1504.9 |
        Temple |    147 |    129 |     18 |      0 |    122 |   1 |  147.0 |
          Lair |   8427 |   7708 |    719 |   1453 |   4597 |   6 | 1404.5 |
        Shoals |   5808 |   5409 |    399 |   1412 |   3063 |   4 | 1452.0 |
     Snake Pit |   6867 |   6458 |    409 |   2486 |   2741 |   4 | 1716.8 |
  Orcish Mines |   2279 |   1923 |    356 |    234 |   1251 |   2 | 1139.5 |
   Elven Halls |   4724 |   4495 |    229 |   1133 |   2368 |   3 | 1574.7 |
        Vaults |  10897 |   9980 |    917 |   2371 |   5705 |   5 | 2179.4 |
         Crypt |   4791 |   4385 |    406 |    960 |   2558 |   3 | 1597.0 |
        Depths |   8004 |   7768 |    236 |   2019 |   3940 |   5 | 1600.8 |
         Abyss |    112 |    112 |      0 |      0 |     68 |   2 |   56.0 |
      Ziggurat |   3188 |   3188 |      0 |   1447 |      0 |  27 |  118.1 |
         Trove |    119 |    119 |      0 |      0 |      0 |   1 |  119.0 |
         Sewer |    154 |    154 |      0 |     49 |     34 |   1 |  154.0 |
       Ossuary |    647 |    647 |      0 |    161 |    296 |   1 |  647.0 |
        Bailey |   1115 |   1115 |      0 |    414 |    110 |   1 | 1115.0 |
               +--------+--------+--------+--------+--------+-----+--------+

Top non-repeatable levels by time:
Vaults:4: 3333 daAuts
    D:13: 2431 daAuts
Depths:2: 2430 daAuts
    D:15: 2397 daAuts
 Crypt:3: 2316 daAuts
     D:3: 2254 daAuts
Vaults:1: 2251 daAuts
Vaults:2: 2189 daAuts
    D:11: 1986 daAuts
 Snake:3: 1976 daAuts
Vaults:3: 1940 daAuts
 Snake:1: 1847 daAuts
   Elf:1: 1818 daAuts
    D:10: 1803 daAuts
Shoals:1: 1766 daAuts
